 Dungeon Crawl Stone Soup version 0.29-a0-350-g7790a0e70a (webtiles) character file.

Game seed: 9440312560134263646

172 sammy202020 the Skirmisher (level 5, -6/64 HPs)
             Began as a Demonspawn Berserker on Apr 23, 2022.
             Was a Believer of Trog.
             Mangled by a killer bee (8 damage)
             ... on level 4 of the Dungeon.
             The game lasted 00:03:13 (2205 turns).

sammy202020 the Skirmisher (Demonspawn Berserker)   Turns: 2205, Time: 00:03:14

Health: -6/64      AC:  8    Str: 17    XL:     5   Next: 27%
Magic:  5/5        EV:  7    Int: 11    God:    Trog [**....]
Gold:   182        SH:  0    Dex: 12    Spells: 4/4 levels left

rFire   . . .      SeeInvis .   o - +2 hand axe (elec)
rCold   . . .      Faith    .   (no shield)
rNeg    . . .      Spirit   .   l - +0 chain mail
rPois   .          Reflect  .   (helmet restricted)
rElec   .          Harm     .   (no cloak)
rCorr   .          Rampage  .   (no gloves)
Will    .....                   (no boots)
Stlth   ..........              f - amulet of regeneration
HPRegen 1.00/turn               (no ring)
MPRegen 0.09/turn               (no ring)

@: berserking, lethally poisoned (-6 -> -11), very quick
A: horns 1, foul stench 1
a: Renounce Religion, Berserk, Trog's Hand


You were on level 4 of the Dungeon.
You worshipped Trog.
Trog was pleased with you.
You visited 1 branch of the dungeon, and saw 4 of its levels.

You collected 182 gold pieces.

Inventory:

Hand Weapons
 a - a +0 hand axe
 o - a +2 hand axe of electrocution (weapon)
 p - a +0 flail
Missiles
 d - 2 poisoned darts (quivered)
 n - 4 curare-tipped darts
Armour
 l - a +0 chain mail (worn)
Jewellery
 f - an amulet of regeneration (around neck)
 m - an amulet of reflection
Scrolls
 b - 2 scrolls of vulnerability {unknown}
 c - 6 scrolls of identify {unknown}
 g - 2 scrolls of immolation {unknown}
 j - a scroll of teleportation {unknown}
 k - a scroll of brand weapon {unknown}
 q - 2 scrolls of torment {unknown}
 r - 3 scrolls of silence {unknown}
 s - a scroll of amnesia {unknown}
Potions
 e - 2 potions of lignification {unknown}
 h - 2 potions of cancellation {unknown}
 i - a potion of haste {unknown}


   Skills:
 * Level 4.4 Fighting
 * Level 4.0 Axes
 + Level 2.7 Armour
 - Level 1.7 Dodging


You had 4 spell levels left.
You didn't know any spells.
Your spell library was empty.

Dungeon Overview and Level Annotations

Branches:
Dungeon (4/15)
 Temple: D:4-7

Altars:
Dithmenos
Hepliaklqana
Makhleb

Shops:
D:2 =


Innate Abilities, Weirdness & Mutations

You have a pair of small horns on your head.
You may rarely emit foul miasma when damaged in melee.


Message History

Done exploring.
Done exploring.
Done exploring.
There is a stone staircase leading up here.
There is a stone staircase leading down here.
You climb downwards.
The killer bee buzzes angrily. x4
There is a stone staircase leading up here.
There are monsters nearby!
There are monsters nearby!
The killer bee stings you. The killer bee barely misses you.
A killer bee comes into view.
The killer bee stings you.
You hit the killer bee but do no damage.
Your headbutt misses the killer bee. You hit the killer bee.
The killer bee stings you.
You hit the killer bee.
The killer bee is lightly wounded.
You miss the killer bee. x2; You barely miss the killer bee.
The killer bee barely misses you. The killer bee stings you.
You are poisoned.
The killer bee poisons you! The killer bee stings you!
The killer bee stings you.
The killer bee stings you but does no damage.
The killer bee stings you!
* * * LOW HITPOINT WARNING * * *
The killer bee stings you.
* * * LOW HITPOINT WARNING * * *
You emit a cloud of foul miasma!
Unknown command.
A red film seems to cover your vision as you go berserk!
You feel yourself moving faster!
You feel mighty!
You feel very sick.
The killer bee is engulfed in dark miasma.
The killer bee is poisoned.
The killer bee stings you.
* * * LOW HITPOINT WARNING * * *
You are lethally poisoned!
The killer bee poisons you! The killer bee barely misses you.
The killer bee stings you!
You die...

.....##..
.....#...
........#
........#
........##
.........#
.........####.≈
##..<......§
#..y@y.....§
#..yyy#..#.≈
#.....# ...≈
#.....# ..≈
.....#.. .≈
...### ... ≈
.... #.. .##
...


You could see 5 killer bees.

Vanquished Creatures
  An orc priest (D:3)
  4 gnolls (D:3)
  3 adders
  A white imp (D:3)
  A worm (D:3)
  4 dart slugs
  8 orcs (D:3)
  2 ball pythons
  3 bats
  6 endoplasms
  A giant cockroach (D:1)
  4 hobgoblins
  4 kobolds
  4 quokkas
  A frilled lizard (D:3)
  4 rats
51 creatures vanquished.

Notes
Turn   | Place    | Note
-------+----------+-------------------------------------------
     0 | D:1      | sammy202020 the Demonspawn Berserker began the quest for
                  | the Orb.
     0 | D:1      | Reached XP level 1. HP: 18/18 MP: 1/1
   241 | D:1      | Gained mutation: You have a pair of small horns on your
                  | head. [demonic ancestry]
   241 | D:1      | Reached XP level 2. HP: 19/24 MP: 2/2
   618 | D:1      | Found a faded altar of an unknown god.
   814 | D:2      | Reached ** piety under Trog
   874 | D:2      | Reached XP level 3. HP: 29/29 MP: 3/3
  1103 | D:2      | Found Qiuvu Cesk's Jewellery Shop.
  1298 | D:3      | Found a burning altar of Makhleb.
  1331 | D:3      | Reached XP level 4. HP: 27/37 MP: 4/4
  1439 | D:3      | Found a hazy altar of Hepliaklqana.
  1595 | D:3      | Gained mutation: You may rarely emit foul miasma when
                  | damaged in melee. [demonic ancestry]
  1595 | D:3      | Reached XP level 5. HP: 34/42 MP: 5/5
  1973 | D:3      | Found a shadowy altar of Dithmenos.
  2205 | D:4      | HP: 2/64 [killer bee (5)]
  2205 | D:4      | Mangled by a killer bee

Illustrated notes

Levels and vault maps discovered:
D:1:      dpeg_arrival_line_fractal, layout_rooms,
          dreamdust_ecumenical_altar_sealed_demon
D:2:      layout_basic, serial_shops, nicolae_shop_statue_plus
D:3:      layout_basic, old_standard_altar, lemuel_crystal_altar,
          mainiacjoe_overflow_paths
D:4:      minmay_bubble_buster, layout_cave_pools, mainiacjoe_overflow_brackets,
          uniq_blork_the_orc, uniq_ijyb

Skill      XL: |  1  2  3  4  5 |
---------------+----------------+-----
Axes           | 3 4 |  4.0
Armour         | 2 |  2.7
Fighting       | 4 |  4.4
Dodging        | |  1.7

Action                   |  1- 3 |  4- 6 || total
-------------------------+-------+-------++-------
Melee: Hand axe          |    90 |    62 ||   152
       Headbutt          |     9 |    13 ||    22
       Punch             |     1 |     1 ||     2
Invok: Berserk           |     1 |     1 ||     2
Armor: Animal skin       |     2 |       ||     2
       Scale mail        |    19 |       ||    19
       Chain mail        |    16 |    19 ||    35
Dodge: Dodged            |    60 |    27 ||    87

Table legend: (Time is in decaauts)
 A = Elapsed time spent in this place.
 B = Non-inter-level travel time spent in this place.
 C = Inter-level travel time spent in this place.
 D = Time resting spent in this place.
 E = Time spent auto-exploring this place.
 F = Levels seen in this place.
 G = Mean time per level.
                   A        B        C        D        E       F      G
               +--------+--------+--------+--------+--------+-----+--------+
         Total |   2231 |   2159 |     72 |      0 |   1745 |   4 |  557.8 |
       Dungeon |   2231 |   2159 |     72 |      0 |   1745 |   4 |  557.8 |
               +--------+--------+--------+--------+--------+-----+--------+

Top non-repeatable levels by time:
     D:3: 954 daAuts
     D:1: 735 daAuts
     D:2: 537 daAuts
     D:4: 3 daAuts
